 Dungeon Crawl Stone Soup version 0.29.1-12-g30fa7ad0bf (webtiles) character file.

Game seed: 7923892691641927273

2170 styxcanada the Covert (level 9, -5/44 HPs)
             Began as a Spriggan Brigand on Dec 18, 2022.
             Was an Initiate of Gozag.
             Killed from afar by a steam dragon (15 damage)
             ... with a ball of steam
             ... on level 8 of the Dungeon.
             The game lasted 00:31:12 (7776 turns).

styxcanada the Covert (Spriggan Brigand)            Turns: 7776, Time: 00:31:13

Health: -5/44      AC:  2    Str:  7    XL:     9   Next: 11%
Magic:  17/17      EV: 21    Int: 13    God:    Gozag
Gold:   749        SH:  0    Dex: 20    Spells: 17/18 levels left

rFire   . . .      SeeInvis +   a - +3 dagger
rCold   . . .      Faith    .   (no shield)
rNeg    . . .      Spirit   .   b - +0 robe
rPois   .          Reflect  .   (helmet restricted)
rElec   .          Harm     .   y - scarf {+Inv}
rCorr   .          Rampage  .   (gloves unavailable)
Will    +....                   (boots unavailable)
Stlth   +++++.....              o - amulet of magic regeneration
HPRegen 0.14/turn               h - ring of wizardry
MPRegen 0.55/turn               s - +4 ring of slaying

@: very quick
A: very small, no large weapons, unfitting armour, see invisible, speed 3
a: Renounce Religion, Evoke Invisibility, Potion Petition, Call Merchant, Bribe
Branch


You were on level 8 of the Dungeon.
You worshipped Gozag.
Gozag was pleased with you.
You visited 1 branch of the dungeon, and saw 8 of its levels.

You collected 857 gold pieces.
You spent 26 gold pieces at shops.
You paid 82 gold pieces to Gozag.

Inventory:

Hand Weapons
 a - a +3 dagger (weapon)
 d - a +2 flail of holy wrath
 k - a +0 sling
 z - the +7 long sword "Akizemi" {freeze, *Noise Int+5 Stlth+}
   (You found it on level 6 of the Dungeon)

   It freezes those it strikes, dealing additional cold damage.
   It can also slow down cold-blooded creatures.
   Int:       It affects your intelligence (+5).
   *Noise:    It may make noises in combat.
   Stlth:     It makes you more stealthy.
Missiles
 e - 3 curare-tipped darts
 g - 16 poisoned darts (quivered)
 j - 72 stones
 m - 5 boomerangs
Armour
 b - a +0 robe (worn)
 c - a +1 cloak
 y - a scarf of invisibility (worn)
Jewellery
 h - a ring of wizardry (left hand)
 o - an amulet of magic regeneration (around neck)
 r - a +6 ring of strength
 s - a +4 ring of slaying (right hand)
 C - a +6 ring of intelligence
 D - a ring of willpower
Wands
 w - a wand of roots (2)
 x - a wand of flame (15)
Scrolls
 f - 2 scrolls of enchant armour
 t - 2 scrolls of fear
 u - 3 scrolls of identify
 B - a scroll of immolation
Potions
 i - a potion of mutation
 l - 2 potions of berserk rage
 p - 4 potions of lignification
 q - a potion of magic
 v - a potion of brilliance
 A - a potion of haste


   Skills:
 + Level 3.4 Fighting
 + Level 4.3 Short Blades
 + Level 3.2 Throwing
 * Level 5.6 Dodging
 * Level 10.9 Stealth
 * Level 5.1 Spellcasting
 * Level 5.3 Transmutations
 * Level 3.7 Poison Magic
 * Level 2.4 Evocations


You had 17 spell levels left.
You knew the following spells:

 Your Spells              Type           Power      Damage    Failure   Level
a - Sting                 Tmut/Pois      60%        1d6       1%          1

Your spell library contained the following spells:

 Spells                   Type           Power      Damage    Failure   Level
 Ignite Poison            Fire/Tmut/Pois 11%        N/A       6%          3
 Static Discharge         Conj/Air       3%         3-4/arc   12%         2
 Conjure Flame            Conj/Fire      3%         6-21      22%         3
 Anguish                  Hex/Necr       1%         N/A       56%         4
 Sticky Flame             Conj/Fire      3%         2d3       56%         4
 Lightning Bolt           Conj/Air       1%         1d12      87%         5
 Enfeeble                 Hex            1%         N/A       100%        7
 Haunt                    Necr/Summ      1%         N/A       100%        7
 Infestation              Necr           1%         N/A       100%        8
 Maxwell's Capacitive Co  Air            1%         ∞         100%        8
 Animate Dead             Necr           Unusable   N/A       N/A         4

Dungeon Overview and Level Annotations

Branches:
Dungeon (8/15)             Temple (0/1) D:7
   Lair: D:8-11

Altars:
Ashenzari
Gozag
Trog
Yredelemnul

Shops:
D:3 (   D:6 *   D:7 (


Innate Abilities, Weirdness & Mutations

You are very small and have problems with some larger weapons.
You are too small for most types of armour.
You have supernaturally acute eyesight. (SInv)
You cover ground extremely quickly. (Speed+++)


Message History

* * * LOW HITPOINT WARNING * * *
The steam dragon bites you.
* * * LOW HITPOINT WARNING * * *
The steam dragon barely misses you.
You barely miss the steam dragon.
The steam dragon is severely wounded.
You are engulfed in a cloud of scalding steam.
* * * LOW HITPOINT WARNING * * *
The steam dragon bites you.
* * * LOW HITPOINT WARNING * * *
The steam dragon completely misses you.
You feel better.
You are engulfed in a cloud of scalding steam.
* * * LOW HITPOINT WARNING * * *
The steam dragon barely misses you. The steam dragon closely misses you.
You feel better.
You are engulfed in a cloud of scalding steam.
* * * LOW HITPOINT WARNING * * *
The steam dragon bites you.
* * * LOW HITPOINT WARNING * * *
The steam dragon misses you.
You feel better. The steam dragon closely misses you. x2
You feel better.
The steam dragon completely misses you. x2
Found 10 gold pieces.
Casting: Sting (safe; 1% risk of failure)
Confirm with . or Enter, or press ? or * to list all spells.
Aiming: Sting (safe; 1% risk of failure)
Press: ? - help, Shift-Dir - straight line, f - steam dragon
Aim: a steam dragon (severely wounded, 74% to hit)
The sting hits the steam dragon.
The steam dragon is poisoned.
The steam dragon is severely wounded.
The steam dragon breathes steam at you. The ball of steam misses you.
Found a scroll of enchant weapon and 17 gold pieces.
You are engulfed in a cloud of scalding steam.
* * * LOW HITPOINT WARNING * * *
The steam dragon breathes steam at you. The ball of steam hits you!
You die...
Your body crumbles into a pile of gold.

#.#.#.#........
.#.#.#...........#
#.#.#.#......[...#
.#.#.#...........#
#.#.#.#........$.#
.#.#.#§..........#
#.#.#.#..........#
.#.#.#+...D.§§...#
#.#.# #.......§§@#
##.# #.$........#
#. #§.........# #
####+#######


There were no monsters in sight!

Vanquished Creatures
  Sigmund (D:2)
  2 water moccasins
  An orc warrior (D:7)
  3 black bears
  2 sky beasts
  A kobold brigand (D:6)
  A phantom (D:5)
  2 bullfrogs (D:6)
  2 necrophages (D:6)
  3 scorpions
  4 hounds
  A jelly (D:4)
  3 orc priests
  Terence (D:2)
  4 iguanas
  3 orc wizards
  Natasha (D:2)
  5 adders
  3 gnolls (D:5)
  2 shadow imps
  A white imp (D:7)
  A worm (D:3)
  5 dart slugs
  14 orcs
  11 endoplasms
  4 giant cockroaches
  6 goblins
  8 hobgoblins
  4 jackals (D:2)
  13 kobolds
  A quokka (D:3)
  8 ball pythons
  9 bats
  A frilled lizard (D:1)
  3 rats
134 creatures vanquished.

Vanquished Creatures (others)
  2 fungi (D:2)
2 creatures vanquished.

Grand Total: 136 creatures vanquished

Notes
Turn   | Place    | Note
-------+----------+-------------------------------------------
     0 | D:1      | styxcanada the Spriggan Brigand began the quest for the
                  | Orb.
     0 | D:1      | Reached XP level 1. HP: 10/10 MP: 2/2
    33 | D:1      | Reached skill level 6 in Stealth
   250 | D:1      | Reached XP level 2. HP: 14/14 MP: 3/3
   829 | D:1      | Reached skill level 7 in Stealth
  1279 | D:2      | Reached XP level 3. HP: 17/18 MP: 4/4
  1773 | D:2      | Reached XP level 4. HP: 13/23 MP: 5/5
  1954 | D:2      | Noticed Natasha
  1970 | D:2      | Killed Natasha
  1971 | D:2      | Reached XP level 5. HP: 14/26 MP: 6/6
  2246 | D:2      | Noticed Terence
  2249 | D:2      | Killed Terence
  2250 | D:2      | Reached skill level 8 in Stealth
  2324 | D:2      | Found a faded altar of an unknown god.
  2333 | D:2      | Got Plato's Folio of Pollution
  2406 | D:2      | Learned a level 1 spell: Sting
  2601 | D:2      | Noticed Sigmund
  2607 | D:2      | Killed Sigmund
  2608 | D:2      | Reached skill level 1 in Spellcasting
  2608 | D:2      | Reached skill level 1 in Transmutations
  2608 | D:2      | Reached XP level 6. HP: 31/31 MP: 6/8
  2858 | D:3      | Found Xaip's Weapon Emporium.
  3843 | D:4      | Found an opulent altar of Gozag.
  3855 | D:4      | Became a worshipper of Gozag Ym Sagoz the Greedy
  3973 | D:4      | Reached skill level 9 in Stealth
  4193 | D:4      | Noticed a water moccasin
  4265 | D:4      | Killed a water moccasin
  4266 | D:4      | Reached skill level 1 in Poison Magic
  4266 | D:4      | Reached XP level 7. HP: 26/35 MP: 10/10
  4648 | D:5      | Entered Level 5 of the Dungeon
  4672 | D:5      | Found a basalt altar of Yredelemnul.
  4806 | D:5      | Found a bloodstained altar of Trog.
  5206 | D:5      | Reached XP level 8. HP: 40/40 MP: 13/13
  5267 | D:5      | Reached skill level 10 in Stealth
  5791 | D:6      | Found Vinixuc's General Store.
  5833 | D:6      | Reached skill level 5 in Dodging
  5837 | D:6      | Reached skill level 1 in Evocations
  5855 | D:6      | Bought a scroll of identify for 26 gold pieces
  6046 | D:6      | Identified the +7 long sword "Akizemi" {freeze, *Noise
                  | Int+5 Stlth+}
  6593 | D:6      | Reached skill level 5 in Transmutations
  7097 | D:7      | Reached XP level 9. HP: 44/44 MP: 17/17
  7148 | D:7      | Found Huedaxao's Weapon Emporium.
  7191 | D:7      | Found a staircase to the Ecumenical Temple.
  7383 | D:7      | Found a broken altar of Ashenzari.
  7504 | D:7      | Reached skill level 5 in Spellcasting
  7757 | D:8      | HP: 1/44 [steam dragon (3)]
  7776 | D:8      | Killed from afar by a steam dragon

Illustrated notes

Levels and vault maps discovered:
D:1:      tarquinn_simple_flora_water_e, layout_loops_ring
D:2:      minmay_angry_zag, layout_basic, shapermc_ecumenical_altar_rom_forum,
          uniq_terence, uniq_natasha, uniq_sigmund
D:3:      layout_rooms, serial_shops, nicolae_shop_bloodbath_and_beyond,
          minmay_close_crescents
D:4:      layout_loops_ring, mainiacjoe_overflow_small_starburst,
          chequers_hall_statues_corner_a, minmay_misc_feat_tiny
D:5:      layout_loops_ring, mainiacjoe_overflow_chevrons,
          mainiacjoe_overflow_surrounded_room
D:6:      layout_basic, serial_shops, shop, minmay_misc_feat_x, fountainhead
D:7:      layout_loops_ring, ashenzari_altar_1, minmay_temple_entry_overgrown,
          nicolae_stop_n_shop_2, minivault_11
D:8:      layout_basic, lair_entry_dummy

Skill      XL: |  1  2  3  4  5  6  7  8  9 |
---------------+----------------------------+-----
Stealth        | 6 7 8 9 10 | 10.9
Dodging        | 2 3 4 5 |  5.6
Fighting       | 2 3 |  3.4
Short Blades   | 3 4 |  4.3
Spellcasting   | 1 3 4 5 |  5.1
Transmutations | 1 3 5 |  5.3
Poison Magic   | 1 2 3 |  3.7
Throwing       | 3 |  3.2
Evocations     | 2 |  2.4

Action                   |  1- 3 |  4- 6 |  7- 9 || total
-------------------------+-------+-------+-------++-------
Melee: Dagger            |    98 |   100 |    93 ||   291
       Punch             |       |     1 |     3 ||     4
       Flail             |       |       |     4 ||     4
Throw: Dart              |    25 |     6 |    21 ||    52
 Cast: Sting             |       |    23 |    57 ||    80
  Use: Scroll            |     6 |     8 |     4 ||    18
       Potion            |       |       |     4 ||     4
 Stab: Sleeping          |    10 |    14 |    13 ||    37
       Distracted        |       |     1 |       ||     1
Armor: Robe              |    21 |    10 |     8 ||    39
Dodge: Dodged            |    76 |    63 |    74 ||   213
